 Dungeon Crawl Stone Soup version 0.31.0-32-g396128a36d (webtiles) character file.

Game seed: 3228321274560770172

5 H0rd4k the Charlatan (level 1, -4/13 HPs)
             Began as an Octopode Artificer on Apr 22, 2024.
             Slain by a hobgoblin (5 damage)
             ... on level 1 of the Dungeon.
             The game lasted 00:00:56 (93 turns).

H0rd4k the Charlatan (Octopode Artificer)             Turns: 93, Time: 00:00:58

Health: -4/13      AC:  1    Str: 11    XL:     1   Next: 80%
Magic:  1/1        EV: 13    Int: 13    God:
Gold:   6          SH:  0    Dex: 12    Spells: 0/0 levels left

rFire   . .          .
                       - Unarmed
rCold   . . .        (no shield)
rNeg    . . .        (helmet restricted)
rPois   .            (no amulet)
rElec   .            (no ring)
rCorr   .            (no ring)
SInv    .            (no ring)
Will    .....        (no ring)
Stlth   +++          (no ring)
HPRegen 0.22/turn    (no ring)
MPRegen 0.07/turn    (no ring)
                     (no ring)

%: no passive effects
@: no status effects
A: almost no armour, amphibious, 8 rings, camouflage 1, gelatinous body 1,
(nimble swimmer 1), tentacles
a: no special abilities


You were on level 1 of the Dungeon.
You visited 1 branch of the dungeon, and saw 1 of its levels.

You collected 6 gold pieces.

Inventory:

Wands
 b - a wand of flame (15) (quivered)
 c - a wand of charming (15)
 d - a wand of iceblast (5)
Scrolls
 a - a scroll of immolation {unknown}
 e - a scroll of revelation {unknown}


   Skills:
 + Level 1.2 Fighting
 - Level 2.3 Dodging
 - Level 1.3 Stealth
 + Level 1.1 Unarmed Combat
 - Level 3.2 Evocations


You couldn't memorise any spells.
You didn't know any spells.
Your spell library was empty.

Dungeon Overview and Level Annotations

Branches:
Dungeon (1/15)

Altars:


Innate Abilities, Weirdness & Mutations

You cannot wear most types of armour.
You are amphibious.
You can wear up to eight rings at the same time.
Your skin changes colour to match your surroundings (Stealth+).
Your rubbery body absorbs attacks. (AC +1, EV +1)
((You are camouflaged when in or above water. (Stealth+)))
You have tentacles for arms and can constrict up to eight enemies at once.


Message History

You tentacle-slap the hobgoblin but do no damage.
You squeeze the hobgoblin, but do no damage.
You constrict the hobgoblin, but do no damage.
The frilled lizard closely misses you. The hobgoblin closely misses you.
There are monsters nearby!
You tentacle-slap the hobgoblin but do no damage.
You constrict the hobgoblin. The frilled lizard barely misses you.
The hobgoblin hits you.
There are monsters nearby!
You are too injured to fight recklessly!
There are monsters nearby!
You are too injured to fight recklessly!
There are monsters nearby!
You are too injured to fight recklessly!
There are monsters nearby!
There are monsters nearby!
You are too injured to fight recklessly!
Unknown command.
You are too injured to fight recklessly!
You are too injured to fight recklessly!
You miss the frilled lizard. Your grab misses the frilled lizard.
You constrict the hobgoblin.
The frilled lizard bites you but does no damage.
The hobgoblin hits you.
* * * LOW HITPOINT WARNING * * *
The giant cockroach waves its antennae.
You release your grip on the hobgoblin.
The frilled lizard attacks as it pursues you!
The frilled lizard barely misses you.
You tentacle-slap the frilled lizard but do no damage.
Your grab misses the frilled lizard. The frilled lizard closely misses you.
The hobgoblin attacks as it pursues you!
The hobgoblin closely misses you.
The frilled lizard attacks as it pursues you!
The frilled lizard bites you but does no damage.
The kobold attacks as it pursues you! The kobold hits you with a +0 dagger.
* * * LOW HITPOINT WARNING * * *
The hobgoblin attacks as it pursues you!
The hobgoblin hits you.
You die...

# #.............# #.
.....>#.#.#.##....###
#.#.##..####.#.#.#.......#
#............#.#.........#
............#.###....>..#
#.#..#####.#.###...)...#
#.......##.#.........#.#
#..#B.K#.#####.###.#.#
.#.....l@....##..#....#
#......g.....###.....####
##........†..............
#.#..........#####...####
#.####........# #...## #.
#........# #...# #
########## #.#†# ###'##
#...#


You could see a giant cockroach, a hobgoblin, a kobold and a frilled lizard.

Vanquished Creatures
  A ball python (D:1)
  A giant cockroach (D:1)
  A hobgoblin (D:1)
  A bat (D:1)
  A kobold (D:1)
5 creatures vanquished.

Notes
Turn   | Place    | Note
-------+----------+-------------------------------------------
     0 | D:1      | H0rd4k the Octopode Artificer began the quest for the Orb.
     0 | D:1      | Reached XP level 1. HP: 13/13 MP: 1/1
    29 | D:1      | Reached skill level 1 in Unarmed Combat
    93 | D:1      | Slain by a hobgoblin

Illustrated notes

Levels and vault maps discovered:
D:1:      minmay_arrival_cross, layout_loops_cross

Skill      XL: |  1 |
---------------+----+-----
Unarmed Combat | 1 |  1.1
Fighting       | |  1.2
Dodging        | |  2.3
Stealth        | |  1.3
Evocations     | |  3.2

Action                     || total
---------------------------++-------
  Melee: Unarmed           ||    12
         Tentacles         ||     5
         Constrict         ||     3
   Stab: Sleeping          ||     2
 Armour: Skin              ||    10
  Dodge: Dodged            ||    12
